 Dungeon Crawl Stone Soup version 0.17.1-3-g152610e (webtiles) character file.

29 Jaijje the Charmwright (level 3, -5/37 HPs)
             Began as a High Elf Skald on Feb 26, 2016.
             Killed from afar by Jessica (7 damage)
             ... with a wand of frost
             ... on level 2 of the Dungeon.
             The game lasted 00:04:32 (1702 turns).

Jaijje the Charmwright (High Elf Skald)             Turns: 1702, Time: 00:04:32

Health: -5/37      AC: 21    Str: 12    XL:     3   Next: 1%
Magic:  6/7        EV:  2    Int: 15    God:
Gold:   105        SH:  0    Dex: 15    Spells: 1 memorised, 6 levels left

rFire  . . .     SeeInvis .     a - +0 falchion
rCold  . . .     Clarity  .     (armour currently unavailable)
rNeg   + + +     SustAt   .     (no shield)
rPois  +         Gourm    .     (helmet currently unavailable)
rElec  .         Spirit   .     (cloak currently unavailable)
rCorr  .         Warding  .     (gloves currently unavailable)
rMut   .         NoTele   +     (boots currently unavailable)
MR     .....                    (no amulet)
Stlth  +.........               (no ring)
                                (no ring)

@: tree-form, infused, not resistant to hostile enchantments, very unstealthy
A: no striking features
a: no special abilities


You were on level 2 of the Dungeon.
You were hungry.
You were a tree.
You visited 1 branch of the dungeon, and saw 2 of its levels.

You collected 105 gold pieces.

Inventory:

Hand Weapons
 a - a +0 falchion (weapon)
Armour
 b - a +0 leather armour (melded)
 f - a +2 helmet (melded)
Jewellery
 e - an uncursed ring of wizardry {unknown}
 h - an uncursed ring of magical power {unknown}
Scrolls
 g - a scroll of amnesia {unknown}
 i - a scroll of noise {unknown}
 j - a scroll of teleportation {unknown}
 n - a scroll of identify {unknown}
 o - 2 scrolls of remove curse {unknown}
Potions
 p - a potion of resistance {unknown}
Books
 c - a book of Battle

   Spells                             Type                      Level
   a - Infusion                       Charms                       1
   b - Shroud of Golubria             Charms/Translocation         2
   c - Song of Slaying                Charms                       2
   d - Spectral Weapon                Hexes/Charms                 3
   e - Regeneration                   Charms/Necromancy            3
Comestibles
 d - 2 bread rations
 l - a meat ration
 m - a fruit


   Skills:
 + Level 2.6 Fighting
 + Level 2.9 Long Blades
 - Level 1.0 Armour
 - Level 1.3 Dodging
 - Level 2.6 Spellcasting
 - Level 3.8 Charms


You had 6 spell levels left.
You knew the following spells:

 Your Spells              Type           Power        Failure   Level  Hunger
a - Infusion              Chrm           ##....       4%          1    #......


Dungeon Overview and Level Annotations

Branches:
Dungeon (2/15)

Altars:
Cheibriados
Sif Muna

Annotations:
D:2 Jessica


Message History

Your +0 leather armour melds into your body.
Your roots penetrate the ground.
Jessica zaps a wand.
The puff of frost hits you!
You barely miss Jessica.
Jessica zaps a wand.
The puff of frost hits you!
You barely miss Jessica.
Jessica zaps a wand.
The puff of frost hits you!
Jessica casts a spell.
Jessica seems to speed up.
You closely miss Jessica.
Jessica zaps a wand.
Helpless, you fail to dodge the puff of frost.
You closely miss Jessica. Jessica hits you but does no damage.
Jessica zaps a wand.
The puff of frost hits you!
You closely miss Jessica.
Jessica zaps a wand.
The puff of frost hits you!
Jessica zaps a wand.
The puff of frost hits you!
You closely miss Jessica. Jessica hits you with a dagger.
* * * LOW HITPOINT WARNING * * *
You hit Jessica.
Jessica is moderately wounded.
Jessica zaps a wand.
The puff of frost hits you!
Jessica zaps a wand.
The puff of frost hits you!
You die...

#.# #.###8...
########.#####..##..).
................#>..$.
#.###########.####....
# ##.#.###8...
##.##.###.# ##8#
#....## ## # ##.##.##
# ##♣# ##@# ##


You could see Jessica.

Vanquished Creatures
  A giant gecko (D:2)
  A giant cockroach (D:1)
  2 goblins (D:2)
  6 hobgoblins (D:1)
  4 jackals (D:1)
  A quokka (D:2)
  A ball python (D:2)
  2 bats (D:1)
  3 kobolds
  4 rats
25 creatures vanquished.

Notes
Turn   | Place    | Note
--------------------------------------------------------------
     0 | D:1      | Jaijje the High Elf Skald began the quest for the Orb.
     0 | D:1      | Reached XP level 1. HP: 14/14 MP: 4/4
   401 | D:1      | Reached XP level 2. HP: 4/19 MP: 6/6
   721 | D:1      | Reached skill level 1 in Armour
  1250 | D:2      | Found a deep blue altar of Sif Muna.
  1588 | D:2      | Found a snail-covered altar of Cheibriados.
  1596 | D:2      | Reached XP level 3. HP: 25/25 MP: 7/7
  1691 | D:2      | Noticed Jessica
  1702 | D:2      | Killed from afar by Jessica

Action                   || total
-------------------------++-------
Melee: Falchion          ||    99
 Cast: Infusion          ||     2
  Use: Potion            ||     1
 Stab: Sleeping          ||     1
  Eat: Chunk             ||     2
